 Dungeon Crawl Stone Soup version 0.28.0-45-g0d030f2227 (webtiles) character file.

Game seed: 6521278504913640834

5961 raph the Carver (level 10, -4/88 HPs)
             Began as a Minotaur Berserker on May 30, 2022.
             Was a Believer of Trog.
             Slain by a manticore (15 damage)
             ... on level 9 of the Dungeon.
             The game lasted 00:11:08 (8166 turns).

raph the Carver (Minotaur Berserker)                Turns: 8166, Time: 00:11:08

Health: -4/88      AC: 14    Str: 23    XL:     10   Next: 54%
Magic:  9/9        EV:  9    Int:  4    God:    Trog [**....]
Gold:   473        SH:  0    Dex: 13    Spells: 9/9 levels left

rFire   . . .      SeeInvis .   a - +0 long sword (freeze)
rCold   . . .      Faith    .   (no shield)
rNeg    . . .      Spirit   .   w - +0 plate armour
rPois   .          Reflect  .   (helmet restricted)
rElec   .          Harm     .   x - +0 cloak
rCorr   .          Rampage  .   (no gloves)
Will    ++...                   (no boots)
Stlth   ..........              g - amulet of regeneration
HPRegen 2.04/turn               (no ring)
MPRegen 0.11/turn               (no ring)

@: strong-willed, on berserk cooldown, regenerating, slowed, very slow
A: horns 2, retaliatory headbutt
a: Renounce Religion, Berserk, Trog's Hand


You were on level 9 of the Dungeon.
You worshipped Trog.
Trog was pleased with you.
You visited 1 branch of the dungeon, and saw 9 of its levels.

You collected 473 gold pieces.

Inventory:

Hand Weapons
 a - a +0 long sword of freezing (weapon)
 b - a +0 shortbow
 m - a +0 falchion of protection
Missiles
 e - 3 boomerangs (quivered)
 n - 21 poisoned darts
 B - 38 arrows
Armour
 f - a +0 chain mail
 i - a scarf of invisibility
 w - a +0 plate armour (worn)
 x - a +0 cloak (worn)
 z - +0 acid dragon scales
 A - a +0 animal skin
Jewellery
 g - an amulet of regeneration (around neck)
 k - an amulet of faith
 r - an amulet of the acrobat
 u - a ring of ice
Wands
 v - a wand of flame (12)
Scrolls
 j - a scroll of summoning
 o - a scroll of magic mapping
 p - a scroll of silence
 t - 2 scrolls of teleportation
 y - 2 scrolls of identify
Potions
 c - 3 potions of degeneration
 d - a potion of cancellation
 h - 7 potions of curing
 l - 2 potions of ambrosia
 q - 2 potions of attraction
 s - a potion of flight {unknown}


   Skills:
 * Level 8.2 Fighting
 - Level 14.0 Long Blades
 + Level 6.9 Armour
 + Level 6.3 Dodging
 + Level 4.5 Evocations


You had 9 spell levels left.
You didn't know any spells.
Your spell library was empty.

Dungeon Overview and Level Annotations

Branches:
Dungeon (9/15)             Temple (0/1) D:6
   Lair: D:8-11         Orc: D:9-12

Altars:
Cheibriados
Gozag
Makhleb
Xom

Shops:
D:4 (


Innate Abilities, Weirdness & Mutations

You have a pair of horns on your head.
You reflexively headbutt those who attack you in melee.


Message History

The manticore flicks its tail.
The volley of spikes hits you.
The barbed spikes become lodged in your body.
* * * LOW HITPOINT WARNING * * *
Your Fighting skill increases to level 8!
You feel a strong urge to attack something.
You feel your anger nearly subside.
You are no longer berserk.
You are exhausted.
You feel yourself slow down.
You hit the manticore but do no damage.
You headbutt the manticore, but do no damage.
The manticore barely misses you.
The manticore claws you but does no damage. x2
You slash the manticore! You freeze the manticore.
The manticore is moderately wounded.
The manticore barely misses you. The manticore claws you.
* * * LOW HITPOINT WARNING * * *
The manticore claws you but does no damage.
You hit the manticore but do no damage.
The manticore is moderately wounded.
The manticore bites you but does no damage.
The manticore claws you but does no damage. x2
You barely miss the manticore.
The manticore is moderately wounded.
The manticore bites you.
* * * LOW HITPOINT WARNING * * *
The manticore claws you!
* * * LOW HITPOINT WARNING * * *
The manticore claws you.
* * * LOW HITPOINT WARNING * * *
Okay, then.
As you read the scroll of summoning, it crumbles to dust.
Wisps of shadow whirl around you...
You carefully extract the barbed spikes from your body.
The manticore closely misses you. x2
The manticore claws you but does no damage.
Your skin crawls.
You feel strong-willed. The manticore bites you!
You die...

..#≈≈≈.≈≈≈# ###
.#.####.#### #..
...... #.# #.###
##.###.# #.#
####.#...####' #?#
#....#........
#.###.#.'###).....
#...............≈.
#@.Y#.#.#.#.......
#H)#########......
#YW.# .......
#..## #...... #.Y.
....... #..##
#.##### #... .#
#..#


You could see a manticore (ally target), 3 friendly yaks and a friendly wraith
(summoned).

Vanquished Creatures
  A catoblepas (D:8)
  2 two-headed ogres
  A polar bear (D:9)
  Prince Ribbit (D:7)
  A shadow (D:9)
  3 yaks (D:5)
  2 steam dragons (D:8)
  An acid dragon (D:8)
  Duvessa (D:7)
  A sky beast (D:7)
  A black bear (D:6)
  2 ice beasts
  A necrophage (D:5)
  3 ogres
  2 centaurs
  2 phantoms
  4 kobold brigands
  5 scorpions
  2 water moccasin zombies
  Dowan (D:7)
  4 wights (D:8)
  An electric eel (D:9)
  3 centaur zombies
  A hound (D:5)
  2 bullfrog skeletons
  2 bullfrog zombies
  A gnoll shaman (D:5)
  3 jellies
  Crazy Yiuf (D:7)
  3 iguanas
  A killer bee zombie (D:8)
  A hound zombie (D:5)
  A hound skeleton (D:5)
  A mummy (D:3)
  10 gnolls
  A howler monkey skeleton (D:4)
  3 adders
  2 white imps
  An adder skeleton (D:4)
  2 worms (D:2)
  7 dart slugs
  9 orcs
  4 bats
  7 endoplasms
  2 giant cockroaches
  6 goblins
  5 hobgoblins
  2 quokkas
  7 ball pythons
  2 frilled lizards (D:1)
  21 kobolds
  2 rats
155 creatures vanquished.

Vanquished Creatures (others)
  A vampire (D:9)
  8 plants
9 creatures vanquished.

Grand Total: 164 creatures vanquished

Notes
Turn   | Place    | Note
-------+----------+-------------------------------------------
     0 | D:1      | raph the Minotaur Berserker began the quest for the Orb.
     0 | D:1      | Reached XP level 1. HP: 19/19 MP: 0/0
   427 | D:1      | Reached XP level 2. HP: 24/27 MP: 1/1
   650 | D:1      | Reached skill level 4 in Long Blades
  1006 | D:1      | Found a faded altar of an unknown god.
  1039 | D:1      | Reached XP level 3. HP: 32/33 MP: 2/2
  1710 | D:2      | Reached ** piety under Trog
  2212 | D:2      | Reached skill level 5 in Long Blades
  2212 | D:2      | Reached XP level 4. HP: 40/40 MP: 3/3
  2719 | D:3      | Found a snail-covered altar of Cheibriados.
  2916 | D:3      | Noticed a phantom
  2925 | D:3      | Killed a phantom
  2926 | D:3      | Reached skill level 6 in Long Blades
  2926 | D:3      | Reached XP level 5. HP: 46/46 MP: 4/4
  3134 | D:4      | Reached skill level 7 in Long Blades
  3175 | D:4      | Reached XP level 6. HP: 41/52 MP: 5/5
  3395 | D:4      | Reached skill level 8 in Long Blades
  3603 | D:4      | Found Atyasomu's Weapon Emporium.
  3867 | D:5      | Entered Level 5 of the Dungeon
  3904 | D:5      | Reached skill level 9 in Long Blades
  3913 | D:5      | Reached XP level 7. HP: 59/59 MP: 6/6
  4097 | D:5      | Reached skill level 10 in Long Blades
  4468 | D:5      | Reached skill level 11 in Long Blades
  4591 | D:5      | Noticed a yak
  4591 | D:5      | Noticed a yak
  4592 | D:5      | Noticed a yak
  4603 | D:5      | Reached XP level 8. HP: 66/66 MP: 7/7
  4610 | D:5      | Reached skill level 12 in Long Blades
  4832 | D:5      | Reached skill level 13 in Long Blades
  5416 | D:6      | Found a staircase to the Ecumenical Temple.
  5447 | D:6      | Reached XP level 9. HP: 55/71 MP: 8/8
  5456 | D:6      | Reached skill level 14 in Long Blades
  5973 | D:7      | Found a runed translucent door.
  5974 | D:7      | Noticed Crazy Yiuf
  5975 | D:7      | Identified the +1 mace "Quco" {holy, rN+ Int+4}
  5979 | D:7      | Killed Crazy Yiuf
  6070 | D:7      | Reached skill level 1 in Evocations
  6233 | D:7      | Noticed Prince Ribbit
  6238 | D:7      | Killed Prince Ribbit
  6369 | D:7      | Found a burning altar of Makhleb.
  6472 | D:7      | Noticed Duvessa
  6472 | D:7      | Noticed Dowan
  6479 | D:7      | Killed Duvessa
  6480 | D:7      | Reached skill level 5 in Fighting
  6484 | D:7      | Killed Dowan
  7085 | D:8      | Reached *** piety under Trog
  7090 | D:8      | Reached skill level 5 in Armour
  7116 | D:8      | Reached skill level 5 in Dodging
  7425 | D:8      | Found an opulent altar of Gozag.
  7430 | D:8      | Noticed a catoblepas
  7451 | D:8      | Killed a catoblepas
  7452 | D:8      | Reached XP level 10. HP: 28/84 MP: 9/9
  7738 | D:8      | Found a shimmering altar of Xom.
  7738 | D:8      | Noticed a two-headed ogre
  7746 | D:8      | Killed a two-headed ogre
  8150 | D:9      | Noticed a two-headed ogre
  8150 | D:9      | Noticed a manticore
  8156 | D:9      | Killed a two-headed ogre
  8166 | D:9      | Slain by a manticore

Illustrated notes

Levels and vault maps discovered:
D:1:      wander_arrival_chamber, layout_loops_ring,
          shapermc_ecumenical_altar_gd, serial_bayou, serial_bayou_shore_a,
          serial_bayou_pond_b, serial_bayou_lake_a, serial_bayou_crossing
D:2:      minmay_chambers_of_ones, layout_loops_ring
D:3:      layout_basic, slow_altar_2, serial_forest,
          infiniplex_forest_lined_room_3, infiniplex_forest_clump_tiny,
          infiniplex_forest_clump_double, infiniplex_forest_zigzag_2,
          infiniplex_forest_lined_2, infiniplex_forest_straight_5,
          infiniplex_forest_lined_1
D:4:      layout_basic, serial_shops, nicolae_shop_bloodbath_and_beyond,
          hex_tiny
D:5:      layout_loops_ring
D:6:      layout_gridville, lemuel_temple_firewalk_a
D:7:      layout_loops_ring, mainiacjoe_overflow_paths, uniq_prince_ribbit1,
          uniq_crazy_yiuf_cottage, uniq_duvessa
D:8:      hellmonk_crumbling_castle, layout_loops_ring,
          hangedman_feature_mirror, hangedman_abyss_or_decor_clamps,
          chequers_serial_rivers_micro_a, kennysheep_nondescript
D:9:      layout_basic, dpeg_lair_monsters, serial_ice, serial_ice_k,
          serial_ice_m, serial_ice_d, serial_ice_o, serial_ice_e, serial_ice_f,
          biasface_ghost_orc_armoury, onia_ninara_cookie

Skill      XL: |  1  2  3  4  5  6  7  8  9 10 |
---------------+-------------------------------+-----
Long Blades    | 4 5 6 7 9 11 13 14 | 14.0
Fighting       | 4 6 8 |  8.2
Armour         | 3 5 6 |  6.9
Dodging        | 5 6 |  6.3
Evocations     | 3 4 |  4.5

Action                   |  1- 3 |  4- 6 |  7- 9 | 10-12 || total
-------------------------+-------+-------+-------+-------++-------
Melee: Falchion          |   100 |    77 |       |       ||   177
       Headbutt          |     8 |    19 |    46 |    13 ||    86
       Punch             |       |     3 |     4 |       ||     7
       Long sword        |       |    27 |   203 |    45 ||   275
Invok: Berserk           |     3 |     2 |    15 |     4 ||    24
       Trog's Hand       |       |       |     2 |     2 ||     4
  Use: Scroll            |     5 |     6 |     8 |     1 ||    20
       Potion            |       |       |       |     1 ||     1
Armor: Animal skin       |     6 |       |       |       ||     6
       Chain mail        |    35 |    45 |    63 |       ||   143
       Plate armour      |       |       |    36 |    33 ||    69
Dodge: Dodged            |    38 |    42 |    66 |    21 ||   167
